 Dungeon Crawl Stone Soup version 0.24-a0-397-g73b976d855 (webtiles) character file.

Game seed: 16557168295691453574

17 theanonym the Charlatan (level 2, 0/23 HPs)
             Began as a Ghoul Artificer on June 4, 2019.
             Slain by a rat (1 damage)
             ... on level 2 of the Dungeon.
             The game lasted 00:00:58 (242 turns).

theanonym the Charlatan (Ghoul Artificer)            Turns: 242, Time: 00:00:58

Health: 0/23       AC:  3    Str: 15    XL:     2   Next: 62%
Magic:  3/3        EV: 11    Int:  6    God:
Gold:   62         SH:  0    Dex:  9    Spells: 1/1 levels left

rFire    + . .     SeeInvis .     - Unarmed
rCold    + + .     Gourm    .   (no shield)
rNeg     + + +     Faith    .   b - +0 leather armour
rPois    ∞         Spirit   .   (no helmet)
rElec    +         Reflect  .   (no cloak)
rCorr    +         Harm     .   (no gloves)
MR       .....                  (no boots)
Stlth    +.........             (no amulet)
HPRegen  0.00/turn              (no ring)
MPRegen  0.08/turn              (no ring)

@: confused, resistant, rotting, slowed, very slow
A: rotting body, claws 1, carnivore, cold resistance 1, negative energy
resistance 3, inhibited regeneration, torment resistance, unbreathing
a: no special abilities


Innate Abilities, Weirdness & Mutations

Your body is rotting away.
You thrive on raw meat.
You are immune to poison.
You have sharp fingernails.
You are carnivorous and can eat meat at any time.
Your flesh is cold resistant. (rC+)
You are immune to negative energy. (rN+++)
You do not regenerate when monsters are visible.
You are immune to unholy pain and torment.
You can survive without breathing.


   Skills:
 - Level 1.1 Fighting
   Level 0.8 Short Blades
 - Level 1.7 Dodging
 - Level 1.1 Stealth
 + Level 2.4 Unarmed Combat
 - Level 2.6 Evocations


You had one spell level left.
You didn't know any spells.
Your spell library was empty.

Skill      XL: |  1  2 |
---------------+-------+-----
Unarmed Combat | 1 2 |  2.4
Fighting       | |  1.1
Short Blades   | |  0.8
Dodging        | |  1.7
Stealth        | |  1.1
Evocations     | |  2.6

Action                   || total
-------------------------++-------
Melee: Unarmed           ||    50
       Punch             ||     1
  Use: Potion            ||     2
  Eat: Chunk             ||    12
       Ration            ||     1
Armor: Leather armour    ||    30
Dodge: Dodged            ||    78

Inventory:

Armour
 b - a +0 leather armour (worn)
Wands
 d - a wand of enslavement (15)
 f - a wand of random effects (15)
 w - a wand of flame (15)
Scrolls
 h - a scroll of identify {unknown}


You were on level 2 of the Dungeon.
You were not hungry.

You visited 1 branch of the dungeon, and saw 2 of its levels.

You collected 62 gold pieces.

Dungeon Overview and Level Annotations

Branches:
Dungeon (1/15)

Altars:

Annotations:
D:2 Natasha

.........
..........####.##..
..................#
..#.....##.........
#.................#
..................#
#.........K......#
#.......Sg5.....#
#......rr@h.....#
#.......g######..
#.........#
#########... ###.#
#


You could see Natasha, an adder, a shadow imp, a hobgoblin, a goblin, a kobold
and 2 rats.

Notes
Turn   | Place    | Note
-------+----------+-------------------------------------------
     0 | D:1      | theanonym the Ghoul Artificer began the quest for the Orb.
     0 | D:1      | Reached XP level 1. HP: 16/16 MP: 1/1
    81 | D:1      | Reached skill level 1 in Unarmed Combat
    94 | D:1      | Reached XP level 2. HP: 16/23 MP: 3/3
   144 | D:1      | Reached skill level 2 in Unarmed Combat
   164 | D:1      | HP: 11/23 [bat (1)]
   172 | D:1      | HP: 10/23 [bat (1)]
   222 | D:1      | You fall into a shaft and drop 1 floor!
   223 | D:2      | Noticed Natasha
   228 | D:2      | HP: 11/23 [adder (5)]
   228 | D:2      | HP: 4/23 [Natasha (7)]
   237 | D:2      | HP: 9/23 [shadow imp[Natasha] (3)]
   241 | D:2      | HP: 4/23 [hobgoblin/+0 club (1)]
   241 | D:2      | HP: 1/23 [shadow imp[Natasha] (3)]
   242 | D:2      | Slain by a rat

Vanquished Creatures
  A dart slug (D:1)
  2 bats (D:1)
  2 goblins (D:1)
  5 hobgoblins (D:1)
  A kobold (D:1)
  3 rats (D:1)
14 creatures vanquished.

Table legend:
 A = Turns spent in this place as a percentage of turns spent in the entire game.
 B = Non-inter-level travel turns spent in this place as a percentage of non-inter-level travel turns spent in the entire game.
 C = Inter-level travel turns spent in this place as a percentage of turns spent in this place.
 D = Turns resting spent in this place as a percentage of non-inter-level travel turns spent in this place.
 E = Turns spent auto-exploring this place as a percentage of non-inter-level travel turns spent in this place.
 F = Non-inter-level travel turns spent in this place divided by the number of levels of this place that you've seen.
                   A       B       C       D       E      F
               +-------+-------+-------+-------+-------+----------------------
         Total | 100.0 | 100.0 |   0.0 |   0.0 |  56.6 | 121.0
       Dungeon | 100.0 | 100.0 |   0.0 |   0.0 |  56.6 | 121.0
               +-------+-------+-------+-------+-------+----------------------
